 Dungeon Crawl Stone Soup version 0.28-a0-474-g535839065c (webtiles) character file.

Game seed: 1237146800503911483

0 SkeletonJelly the Sneak (level 1, -1/19 HPs)
             Began as a Minotaur Delver on Sept 16, 2021.
             Slain by a phantom (7 damage)
             ... on level 5 of the Dungeon.
             The game lasted 00:00:43 (120 turns).

SkeletonJelly the Sneak (Minotaur Delver)            Turns: 120, Time: 00:00:43

Health: -1/19      AC:  3    Str: 16    XL:     1   Next: 0%
Magic:  0/0        EV: 11    Int:  7    God:
Gold:   0          SH:  0    Dex: 11    Spells: 0/0 levels left

rFire   . . .      SeeInvis .   a - +0 hand axe
rCold   . . .      Faith    .   (no shield)
rNeg    . . .      Spirit   .   b - +0 leather armour
rPois   .          Reflect  .   (helmet restricted)
rElec   .          Harm     .   (no cloak)
rCorr   .          Rampage  .   (no gloves)
Will    .....                   (no boots)
Stlth   ++........              (no amulet)
HPRegen 0.06/turn               (no ring)
MPRegen 0.07/turn               (no ring)

@: no status effects
A: horns 2, retaliatory headbutt
a: no special abilities


You were on level 5 of the Dungeon.
You visited 1 branch of the dungeon, and saw 1 of its levels.

Inventory:

Hand Weapons
 a - a +0 hand axe (weapon)
Armour
 b - a +0 leather armour (worn)
Wands
 g - a wand of digging (3)
Scrolls
 c - a scroll of fog
 d - a scroll of magic mapping
Potions
 f - a potion of haste


   Skills:
 - Level 3.6 Fighting
 + Level 2.4 Axes
 - Level 2.1 Dodging
 - Level 4.1 Stealth


You couldn't memorise any spells.
You didn't know any spells.
Your spell library was empty.

Dungeon Overview and Level Annotations

Branches:
Dungeon (5/15)
 Temple: D:4-7

Altars:


Innate Abilities, Weirdness & Mutations

You have a pair of horns on your head.
You reflexively headbutt those who attack you in melee.


Message History

Welcome, SkeletonJelly the Minotaur Delver.
Will you be the one to retrieve the transcendent Orb of Zot from the depths?
Press ? for a list of commands and other information.
Found a stone staircase leading down.
You open the door.
There is an open door here.
Found a trident.
A necrophage comes into view.
A necrophage is nearby!
A necrophage is nearby!
A necrophage is nearby!
You see here a +0 trident.
You hear a distant slurping noise.
You open the door.
Found 30 sling bullets.
There is an open door here.
The quasit gives a chilling moan.
Found 14 gold pieces.
You see here 30 sling bullets.
You open the door.
There is an open door here.
You open the door.
There is an open door here.
You hear a distant slurping noise.
There is an open door here.
You hear a distant slurping noise.
You open the door.
There is an open door here.
A jelly comes into view.
The jelly quivers.
You open the door.
There is an open door here.
You hit the plant.
The plant begins to die.
The plant is lightly damaged.
You hit the plant. You headbutt the plant.
The plant is lightly damaged.
You hit the plant. You headbutt the plant.
The plant is lightly damaged.
A nearby plant withers and dies.
A phantom comes into view.
You enter the shallow water.
Moving in this stuff is going to be slow.
The phantom hits you.
The phantom blinks!
You blink.
Splash!
The phantom misses you.
You take 4 damage, and have 15/19 hp.
MASSIVE DAMAGE!!
The phantom hits you!
You take 9 damage, and have 6/19 hp.
MASSIVE DAMAGE!!
As you read the scroll of fear, it crumbles to dust.
You assume a fearsome visage.
The plant is unaffected. x11
The phantom is unaffected.
The jelly looks frightened!
The phantom hits you!
You die...

........'.....#
........#.....#
........#.....#
###....##.....##
# ############.#
.. #≈≈PJ## ...
..PP≈≈≈≈≈# .....
≈≈≈♣♣≈♣≈≈##
J.... PP ♣♣♣≈≈@#
.....


♣PWP# ♣≈≈P.# ♣P≈P≈.# P≈P≈...# .≈.P#...# #.PP#..### #### .## You could see a
phantom and a jelly (fleeing).

Vanquished Creatures (others)
  5 plants (D:5)
5 creatures vanquished.

Notes
Turn   | Place    | Note
-------+----------+-------------------------------------------
     0 | D:5      | SkeletonJelly the Minotaur Delver began the quest for the
                  | Orb.
     0 | D:5      | Reached XP level 1. HP: 19/19 MP: 0/0
    17 | D:5      | Noticed a necrophage
    41 | D:5      | Noticed a quasit
    42 | D:5      | Noticed a quasit
    96 | D:5      | Noticed a jelly
   117 | D:5      | Noticed a phantom
   120 | D:5      | Slain by a phantom

Illustrated notes

Levels and vault maps discovered:
D:5:      cheibrodos_quashed, layout_gridville, led_sif_pool, serial_bayou,
          serial_bayou_ford_a, serial_bayou_pond_c, serial_bayou_crossing,
          serial_bayou_lagoon_a

Action                   || total
-------------------------++-------
Melee: Hand axe          ||     3
       Headbutt          ||     2
  Use: Scroll            ||     1
Dodge: Dodged            ||     1

Table legend: (Time is in decaauts)
 A = Elapsed time spent in this place.
 B = Non-inter-level travel time spent in this place.
 C = Inter-level travel time spent in this place.
 D = Time resting spent in this place.
 E = Time spent auto-exploring this place.
 F = Levels seen in this place.
 G = Mean time per level.
                   A        B        C        D        E       F      G
               +--------+--------+--------+--------+--------+-----+--------+
         Total |    121 |    121 |      0 |      0 |     16 |   1 |  121.0 |
       Dungeon |    121 |    121 |      0 |      0 |     16 |   1 |  121.0 |
               +--------+--------+--------+--------+--------+-----+--------+

Top non-repeatable levels by time:
     D:5: 121 daAuts
